ORI
UNIVERSITY OF SOUTHERN CALIFORNIA TROJANS @ UNIVERSITY OF CONNETICUT HUSKIES
12/06/2048
 
TOP OF THE 1ST
University of Southern California Trojans batting - Pitching for University of Conneticut Huskies : RHP Matt Robinson
Pitching: RHP Matt Robinson
Batting: RHB Liangde Zhou 0-0: Foul Ball, location: 2F
0-1: Ball
1-1: Foul Ball, location: 2F
1-2: Foul Ball, location: 2F
1-2: Foul Ball, location: 2F
1-2: Ball
2-2: SINGLE (Groundball, 6D, EV 97.5 MPH)
Batting: RHB Jochen Schanz 0-0: Called Strike
0-1: Ball
1-1: SINGLE (Line Drive, 6MD, EV 104.4 MPH)
Liangde Zhou to second
Batting: RHB Rick Acevedo 0-0: Swinging Strike
0-1: Reached on error, E4 (Groundball, 4, EV 88.8 MPH)
Liangde Zhou to third
Jochen Schanz to second
Batting: LHB John Rumbolt 0-0: Fly out, F8 (Flyball, 8LD, EV 102.5 MPH)
Runner from 3rd tags up, SCORES, no throw by CF
Batting: LHB Justin Veirs 0-0: Ball
1-0: Ball
2-0: Fielders Choice at 2nd, 3-6 (Groundball, 3S, EV 87.5 MPH)
Jochen Schanz to third
Batting: RHB Jeremy McAbee 0-0: Called Strike
0-1: Ball
1-1: Foul Ball, location: 2F
1-2: Strikes out swinging
Top of the 1st over - 1 run, 2 hits, 1 error, 2 left on base; University of Southern California 1 - University of Conneticut 0
BOTTOM OF THE 1ST
University of Conneticut Huskies batting - Pitching for University of Southern California Trojans : RHP Steve Depre
Pitching: RHP Steve Depre
Batting: RHB Kyle Finney 0-0: Swinging Strike
0-1: Fly out, F4 (Line Drive, 34, EV 65.0 MPH)
Batting: RHB Phil Hilton 0-0: Foul Ball, location: 2F
0-1: Swinging Strike
0-2: Foul Ball, location: 2F
0-2: Ground out 6-3 (Groundball, 6D, EV 100.6 MPH)
Batting: LHB Greg James 0-0: Called Strike
0-1: Ball
1-1: Foul Ball, location: 2F
1-2: Fly out, F8 (Flyball, 8LM, EV 83.8 MPH)
Bottom of the 1st over - 0 runs, 0 hits, 0 errors, 0 left on base; University of Southern California 1 - University of Conneticut 0
TOP OF THE 2ND
University of Southern California Trojans batting - Pitching for University of Conneticut Huskies : RHP Matt Robinson
Batting: RHB Joe Keough 0-0: Ground out 2-3 (Groundball, 13S, EV 66.2 MPH)
Batting: RHB Jim Baltazar 0-0: Ground out 6-3 (Groundball, 6, EV 85.0 MPH)
Batting: RHB Tri Kartini 0-0: Ball
1-0: Ball
2-0: Called Strike
2-1: Fly out, F7 (Line Drive, 78M, EV 110.0 MPH)
Top of the 2nd over - 0 runs, 0 hits, 0 errors, 0 left on base; University of Southern California 1 - University of Conneticut 0
BOTTOM OF THE 2ND
University of Conneticut Huskies batting - Pitching for University of Southern California Trojans : RHP Steve Depre
Batting: RHB Roku Kawano 0-0: Ball
1-0: Ball
2-0: Ball
3-0: Called Strike
3-1: Foul Ball, location: 2F
3-2: Strikes out swinging
Batting: LHB Jonathan Sica 0-0: Ball
1-0: Called Strike
1-1: Ball
2-1: Fly out, F8 (Flyball, 8LM, EV 85.6 MPH)
Batting: RHB Cullen Elliott 0-0: Called Strike
0-1: Ball
1-1: Foul Ball, location: 2F
1-2: Foul Ball, location: 2F
1-2: Ball
2-2: Foul Ball, location: 2F
2-2: Ball
3-2: SINGLE (Groundball, 6S, EV 70.0 MPH) (infield hit)
Batting: RHB Victor Ramos 0-0: Called Strike
0-1: Called Strike
0-2: Ball
1-2: Foul Ball, location: 2F
1-2: Foul Ball, location: 2F
1-2: Foul Ball, location: 2F
1-2: DOUBLE (Line Drive, 8LD, EV 100.6 MPH)
Cullen Elliott to third
Runner from 3rd tries for Home, throw by CF and OUT! 8-6-2
Bottom of the 2nd over - 0 runs, 2 hits, 0 errors, 1 left on base; University of Southern California 1 - University of Conneticut 0
TOP OF THE 3RD
University of Southern California Trojans batting - Pitching for University of Conneticut Huskies : RHP Matt Robinson
Batting: RHB Liangde Zhou 0-0: Ball
1-0: Foul Ball, location: 2F
1-1: Ball
2-1: Fly out, F8 (Flyball, 8RXD, EV 100.6 MPH)
Batting: RHB Jochen Schanz 0-0: Swinging Strike
0-1: Ball
1-1: Fly out, F9 (Flyball, 9, EV 90.6 MPH)
Batting: RHB Rick Acevedo 0-0: Called Strike
0-1: Called Strike
0-2: Fly out, F8 (Flyball, 8RM, EV 88.1 MPH)
Top of the 3rd over - 0 runs, 0 hits, 0 errors, 0 left on base; University of Southern California 1 - University of Conneticut 0
BOTTOM OF THE 3RD
University of Conneticut Huskies batting - Pitching for University of Southern California Trojans : RHP Steve Depre
Batting: RHB Jordan Nicholas 0-0: Ball
1-0: Ball
2-0: Called Strike
2-1: Foul Ball, location: 2F
2-2: Ball
3-2: Fly out, F7 (Flyball, 7LM, EV 82.5 MPH)
Batting: RHB Victor Nava 0-0: Ball
1-0: Ball
2-0: Swinging Strike
2-1: Ball
3-1: Called Strike
3-2: Base on Balls
Batting: RHB Kyle Finney 0-0: Ball
Victor Nava steals 2nd base
1-0: Ball
Victor Nava steals 3rd base
2-0: Foul Ball, location: 2F
2-1: Swinging Strike
2-2: Strikes out swinging
Batting: RHB Phil Hilton 0-0: Ball
1-0: Called Strike
1-1: Foul Ball, location: 2F
1-2: Strikes out looking
Bottom of the 3rd over - 0 runs, 0 hits, 0 errors, 1 left on base; University of Southern California 1 - University of Conneticut 0
TOP OF THE 4TH
University of Southern California Trojans batting - Pitching for University of Conneticut Huskies : RHP Matt Robinson
Batting: LHB John Rumbolt 0-0: Ball
1-0: Ball
2-0: Swinging Strike
2-1: Foul Ball, location: 2F
2-2: Foul Ball, location: 2F
2-2: Ball
3-2: Ground out 6-3 (Groundball, 6, EV 108.1 MPH)
Batting: LHB Justin Veirs 0-0: Ball
1-0: Called Strike
1-1: Ball
2-1: Ball
3-1: Swinging Strike
3-2: Foul Ball, location: 2F
3-2: Strikes out swinging
Batting: RHB Jeremy McAbee 0-0: Fly out, F8 (Flyball, 8RM, EV 87.5 MPH)
Top of the 4th over - 0 runs, 0 hits, 0 errors, 0 left on base; University of Southern California 1 - University of Conneticut 0
BOTTOM OF THE 4TH
University of Conneticut Huskies batting - Pitching for University of Southern California Trojans : RHP Steve Depre
Batting: LHB Greg James 0-0: Ground out 5-3 (Groundball, 5, EV 83.8 MPH)
Batting: RHB Roku Kawano 0-0: Foul Ball, location: 2F
0-1: Ball
1-1: Foul Ball, location: 2F
1-2: Ball
2-2: Ball
3-2: Ground out 6-3 (Groundball, 6S, EV 66.2 MPH)
Batting: LHB Jonathan Sica 0-0: Called Strike
0-1: Ground out 6-3 (Groundball, 6, EV 83.1 MPH)
Bottom of the 4th over - 0 runs, 0 hits, 0 errors, 0 left on base; University of Southern California 1 - University of Conneticut 0
TOP OF THE 5TH
University of Southern California Trojans batting - Pitching for University of Conneticut Huskies : RHP Matt Robinson
Batting: RHB Joe Keough 0-0: Ball
1-0: Foul Ball, location: 2F
1-1: Ground out 5-3 (Groundball, 5S, EV 85.6 MPH)
Batting: RHB Jim Baltazar 0-0: Foul Ball, location: 2F
0-1: Ball
1-1: Ball
2-1: Fly out, F8 (Flyball, 8LXD, EV 83.8 MPH)
Batting: RHB Tri Kartini 0-0: Ball
1-0: Called Strike
1-1: Ball
2-1: Fly out, F8 (Flyball, 8RXD, EV 88.1 MPH)
Top of the 5th over - 0 runs, 0 hits, 0 errors, 0 left on base; University of Southern California 1 - University of Conneticut 0
BOTTOM OF THE 5TH
University of Conneticut Huskies batting - Pitching for University of Southern California Trojans : RHP Steve Depre
Batting: RHB Cullen Elliott 0-0: Called Strike
0-1: Ground out 5-3 (Groundball, 5L, EV 104.4 MPH)
Batting: RHB Victor Ramos 0-0: Ball
1-0: Ball
2-0: Called Strike
2-1: Ground out 1-3 (Groundball, 13S, EV 69.4 MPH)
Batting: RHB Jordan Nicholas 0-0: Called Strike
0-1: Ball
1-1: Fly out, F6 (Line Drive, 6, EV 64.4 MPH)
Bottom of the 5th over - 0 runs, 0 hits, 0 errors, 0 left on base; University of Southern California 1 - University of Conneticut 0
TOP OF THE 6TH
University of Southern California Trojans batting - Pitching for University of Conneticut Huskies : RHP Matt Robinson
Batting: RHB Liangde Zhou 0-0: Called Strike
0-1: Ball
1-1: Ball
2-1: Foul Ball, location: 2F
2-2: Ball
3-2: Strikes out looking
Batting: RHB Jochen Schanz 0-0: Foul Ball, location: 2F
0-1: Foul Ball, location: 2F
0-2: Ball
1-2: SINGLE (Flyball, 78S, EV 85.0 MPH)
Batting: RHB Rick Acevedo 0-0: Ball
1-0: Ball
Jochen Schanz is caught stealing 2nd base 2-4
2-0: Called Strike
2-1: Reached via error on a dropped throw from 1B, E1 (Groundball, 34, EV 86.9 MPH)
Pitching: RHP Jean-François Michel
Batting: LHB John Rumbolt 0-0: Called Strike
0-1: Swinging Strike
0-2: Ball
1-2: Foul Ball, location: 2F
1-2: Strikes out swinging
Top of the 6th over - 0 runs, 1 hit, 1 error, 1 left on base; University of Southern California 1 - University of Conneticut 0
BOTTOM OF THE 6TH
University of Conneticut Huskies batting - Pitching for University of Southern California Trojans : RHP Steve Depre
Batting: RHB Victor Nava 0-0: Ground out 1-3 (Groundball, 13S, EV 62.5 MPH)
Pitching: RHP Lorenzo Garcia
Batting: RHB Kyle Finney 0-0: Ball
1-0: Foul Ball, location: 2F
1-1: Ball
2-1: Foul Ball, location: 2F
2-2: SINGLE (Groundball, 56D, EV 98.1 MPH)
Batting: RHB Phil Hilton 0-0: Called Strike
0-1: Swinging Strike
0-2: Strikes out swinging
Batting: LHB Greg James 0-0: Ball
Kyle Finney steals 2nd base
1-0: Foul Ball, location: 2F
1-1: Swinging Strike
1-2: Ball
2-2: Ball
3-2: Base on Balls
Batting: RHB Roku Kawano 0-0: Swinging Strike
0-1: Ball
1-1: Ball
2-1: Ball
3-1: Called Strike
3-2: Ground out 5-3 (Groundball, 56, EV 83.1 MPH)
Bottom of the 6th over - 0 runs, 1 hit, 0 errors, 2 left on base; University of Southern California 1 - University of Conneticut 0
TOP OF THE 7TH
University of Southern California Trojans batting - Pitching for University of Conneticut Huskies : RHP Jean-François Michel
Batting: LHB Justin Veirs 0-0: Fly out, F9 (Flyball, 9D, EV 95.6 MPH)
Batting: RHB Jeremy McAbee 0-0: Called Strike
0-1: Foul Ball, location: 2F
0-2: Foul Ball, location: 2F
0-2: Ball
1-2: Fly out, F8 (Flyball, 8RM, EV 90.6 MPH)
Batting: RHB Joe Keough 0-0: Ball
1-0: Foul Ball, location: 2F
1-1: Fly out, F7 (Flyball, 7LMF, EV 95.0 MPH)
Top of the 7th over - 0 runs, 0 hits, 0 errors, 0 left on base; University of Southern California 1 - University of Conneticut 0
BOTTOM OF THE 7TH
University of Conneticut Huskies batting - Pitching for University of Southern California Trojans : RHP Lorenzo Garcia
Pitching: RHP Gabe Hires
Batting: LHB Jonathan Sica 0-0: Foul Ball, location: 2F
0-1: Ball
1-1: SINGLE (Groundball, 4D, EV 100.6 MPH)
Batting: RHB Cullen Elliott 0-0: Bunt missed!
0-1: Bunt missed!
0-2: Ground out 6-3 (Groundball, 56, EV 103.8 MPH)
Jonathan Sica to second
Batting: RHB Victor Ramos 0-0: Ball
1-0: Called Strike
1-1: Ball
2-1: Swinging Strike
2-2: Strikes out swinging
Batting: RHB Jordan Nicholas 0-0: Foul Ball, location: 2F
0-1: Ball
1-1: Ball
2-1: DOUBLE (Line Drive, 89M, EV 108.1 MPH)
Jonathan Sica scores
Batting: RHB Victor Nava 0-0: Called Strike
0-1: Ball
1-1: Ball
2-1: Swinging Strike
2-2: Ground out 6-3 (Groundball, 6S, EV 82.5 MPH)
Bottom of the 7th over - 1 run, 2 hits, 0 errors, 1 left on base; University of Southern California 1 - University of Conneticut 1
TOP OF THE 8TH
University of Southern California Trojans batting - Pitching for University of Conneticut Huskies : RHP Jean-François Michel
Pinch Hitting: RHB Eric Baker 0-0: Ball
1-0: Ball
2-0: Foul Ball, location: 2F
2-1: Ground out 4-3 (Groundball, 4MS, EV 85.0 MPH)
Batting: RHB Tri Kartini 0-0: DOUBLE (Line Drive, 7LD, EV 106.2 MPH)
Pinch Hitting: LHB Alonzo Catalan 0-0: Called Strike
0-1: Foul Ball, location: 2F
0-2: Strikes out looking
Batting: RHB Jochen Schanz 0-0: Foul Ball, location: 2F
0-1: Foul Ball, location: 2F
0-2: Ball
1-2: Ball
2-2: Ball
3-2: Foul Ball, location: 2F
3-2: Foul Ball, location: 2F
3-2: Foul Ball, location: 2F
3-2: Reached on error, E5 (Groundball, 56S, EV 83.1 MPH)
Tri Kartini to third
Batting: RHB Rick Acevedo 0-0: Foul Ball, location: 2F
0-1: Ball
1-1: Ball
2-1: Ground out 4-3 (Groundball, 4, EV 88.8 MPH)
Top of the 8th over - 0 runs, 1 hit, 1 error, 2 left on base; University of Southern California 1 - University of Conneticut 1
BOTTOM OF THE 8TH
University of Conneticut Huskies batting - Pitching for University of Southern California Trojans : RHP Gabe Hires
Pitching: RHP Aaron Haver
Now at 1B: Eric Baker
Now in CF: Alonzo Catalan
Batting: RHB Kyle Finney 0-0: Ball
1-0: Swinging Strike
1-1: Ball
2-1: Hit by Pitch
Batting: RHB Phil Hilton 0-0: Bunt missed!
0-1: Bunt missed!
0-2: Ball
1-2: Strikes out swinging
Batting: LHB Greg James 0-0: Ball
Kyle Finney steals 2nd base
1-0: Foul Ball, location: 2F
1-1: Swinging Strike
1-2: SINGLE (Flyball, 4D, EV 84.4 MPH)
Kyle Finney to third
Batting: RHB Roku Kawano 0-0: Ball
1-0: SINGLE (Groundball, 6MD, EV 96.2 MPH)
Kyle Finney scores
Greg James to second
Runner from 2nd tries for 3rd, SAFE, throw by CF made to third
Batting: LHB Jonathan Sica 0-0: Foul Ball, location: 2F
0-1: Ball
1-1: Foul Ball, location: 2F
1-2: Ball
2-2: Foul Ball, location: 2F
2-2: Fly out, F8 (Flyball, 8RD, EV 92.5 MPH)
Runner from 3rd tags up, SCORES, throw by CF
Batting: RHB Cullen Elliott 0-0: Fly out, F8 (Flyball, 8LM, EV 86.9 MPH)
Bottom of the 8th over - 2 runs, 2 hits, 0 errors, 1 left on base; University of Southern California 1 - University of Conneticut 3
TOP OF THE 9TH
University of Southern California Trojans batting - Pitching for University of Conneticut Huskies : RHP Jean-François Michel
Pitching: LHP Jesus Cordero
Batting: LHB John Rumbolt 0-0: Called Strike
0-1: Ball
1-1: Foul Ball, location: 2F
1-2: Ball
2-2: Strikes out swinging
Batting: LHB Justin Veirs 0-0: Ball
1-0: Called Strike
1-1: Fly out, F7 (Flyball, 7LM, EV 95.6 MPH)
Batting: RHB Jeremy McAbee 0-0: Ball
1-0: Called Strike
1-1: Fly out, F8 (Flyball, 89D, EV 96.2 MPH)
Top of the 9th over - 0 runs, 0 hits, 0 errors, 0 left on base; University of Southern California 1 - University of Conneticut 3
Tuesday, March 28th , 2023 - OOTP Baseball 23.10 Build 110